 Dungeon Crawl Stone Soup version 0.27.0-1-g7a089689b8 (webtiles) character file.

Game seed: 5493113788771370456

21347 Revguard the Fanfare of Bloodshed (level 12, -7/94 HPs)
             Began as a Demonspawn Gladiator on Aug 2, 2021.
             Was a Believer of Makhleb.
             Killed from afar by Frances (16 damage)
             ... with a shard of ice
             ... on level 13 of the Dungeon.
             The game lasted 00:40:01 (12607 turns).

Revguard the Fanfare of Bloodshed (DsGl)           Turns: 12607, Time: 00:40:01

Health: -7/94      AC: 20    Str: 17    XL:     12   Next: 53%
Magic:  18/18      EV: 10    Int: 10    God:    Makhleb [**....]
Gold:   690        SH: 22    Dex: 31    Spells: 11/11 levels left

rFire    . . .     SeeInvis .   v - +6 war axe of Calamity {vamp, Dex+7}
rCold    + . .     Faith    .   B - +0 kite shield
rNeg     . . .     Spirit   .   D - +0 plate armour
rPois    +         Reflect  .   c - +0 helmet
rElec    .         Harm     .   (no cloak)
rCorr    .         Rampage  .   (no gloves)
Will     ++...                  H - +0 pair of boots
Stlth    ..........             u - amulet of regeneration
HPRegen  1.25/turn              r - ring of Rihedgh {rPois rC+ Will++ Str-3 Dex+6}
MPRegen  0.16/turn              (no ring)

@: lethally poisoned (-7 -> -11)
A: claws 1, large bone plates 2, icemail 1, condensation shield, demonic magic
2, agile 1, strong 1
a: Renounce Religion, Minor Destruction


You were on level 13 of the Dungeon.
You worshipped Makhleb.
Makhleb was pleased with you.
You visited 2 branches of the dungeon, and saw 14 of its levels.
You also visited: Ossuary.

You collected 690 gold pieces.

Inventory:

Hand Weapons
 a - a +3 war axe of flaming
 v - the +6 war axe of Calamity (weapon) {vamp, Dex+7}
   (You found it on level 7 of the Dungeon)

   It occasionally heals its wielder for a portion of the damage dealt when it
   wounds a living foe.
   Dex:       It affects your dexterity (+7).
Missiles
 d - a throwing net (quivered)
Armour
 c - a +0 helmet (worn)
 B - a +0 kite shield (worn)
 D - a +0 plate armour (worn)
 H - a +0 pair of boots (worn)
Jewellery
 j - a ring of magical power
 n - a +6 ring of intelligence
 r - the ring of Rihedgh (left claw) {rPois rC+ Will++ Str-3 Dex+6}
   (You acquired it on level 8 of the Dungeon)

   [ring of dexterity]

   Str:       It affects your strength (-3).
   Dex:       It affects your dexterity (+6).
   rC:        It protects you from cold.
   rPois:     It protects you from poison.
   Will:      It greatly increases your willpower.
 u - an amulet of regeneration (around neck)
 w - an amulet of magic regeneration
Wands
 b - a wand of polymorph (3)
 l - a wand of mindburst (27)
 s - a wand of charming (8)
 x - a wand of acid (2)
 G - a wand of iceblast (9)
Scrolls
 g - 2 scrolls of noise
 h - 4 scrolls of teleportation
 k - 2 scrolls of enchant armour
 m - 2 scrolls of amnesia
 q - 3 scrolls of enchant weapon
 y - a scroll of blinking
 A - 8 scrolls of identify
 C - a scroll of magic mapping
 F - a scroll of fear
Potions
 e - 2 potions of might
 f - a potion of brilliance
 i - 2 potions of mutation
 o - 3 potions of haste
 p - 3 potions of flight
 t - a potion of lignification
 z - a potion of ambrosia
 E - 2 potions of curing


   Skills:
 + Level 8.7 Fighting
 + Level 8.2 Axes
 - Level 1.7 Throwing
 + Level 7.8 Armour
 + Level 8.3 Dodging
 + Level 7.8 Shields
 + Level 8.8 Invocations
 + Level 6.8 Evocations


You had 11 spell levels left.
You didn't know any spells.
Your spell library contained the following spells:

 Spells                   Type           Power      Damage    Failure   Level
 Pain                     Necr           0%         1d4       100%        1
 Corpse Rot               Necr/Air       N/A        N/A       100%        2
 Poisonous Vapours        Pois/Air       0%         N/A       100%        2
 Static Discharge         Conj/Air       0%         N/A       100%        2
 Dazzling Flash           Conj/Hex       0%         N/A       100%        3
 Gell's Gravitas          Tloc           0%         N/A       100%        3
 Teleport Other           Tloc           0%         N/A       100%        3
 Iskenderun's Mystic Bla  Conj/Tloc      0%         2d3       100%        4
 Agony                    Necr           0%         N/A       100%        5
 Excruciating Wounds      Necr           0%         N/A       100%        5
 Freezing Cloud           Conj/Ice/Air   0%         6-21      100%        5
 Lightning Bolt           Conj/Air       0%         1d11      100%        5
 Dispersal                Tloc           0%         N/A       100%        6
 Starburst                Conj/Fire      0%         8x6d3     100%        6
 Maxwell's Capacitive Co  Air            0%         ∞         100%        8


Dungeon Overview and Level Annotations

Branches:
Dungeon (13/15)            Temple (1/1) D:7            Lair (0/6) D:9
    Orc (0/2) D:10         Vaults (0/5) D:13        Ossuary (visited)

Altars:
Ashenzari
Cheibriados
Dithmenos
Elyvilon
Fedhas
Gozag
Hepliaklqana
Kikubaaqudgha
Makhleb
Nemelex Xobeh
Okawaru
Ru
Sif Muna
Trog
Uskayaw
Vehumet
Wu Jian
Xom
Yredelemnul
Zin
The Shining One

Annotations:
D:10 3 runed translucent doors, crawlogic's ghost, journeyman HuAr
D:13 Frances; Rupert; Urug


Innate Abilities, Weirdness & Mutations

You have sharp fingernails.
You are mostly covered in large bone plates. (SH +6)
A meltable icy envelope protects you from harm. (AC +4)
A meltable shield of frost defends you. (SH +4)
Spells you cast may paralyse nearby enemies.
You are agile. (Dex +2)
Your muscles are strong. (Str +2)


Message History

Something hits you!
* * * LOW HITPOINT WARNING * * *
You block the red devil's attack. You block something's attack.
Your orange demon stings the red devil from afar. x2
You closely miss something. Something hits you but does no damage.
You block the red devil's attack. Something hits you but does no damage.
Your orange demon stings the red devil from afar.
Your orange demon stings the red devil from afar!
The red devil dies!
You completely miss something. You block something's attack. x2
You slash something!
You feel better.
You hit the hellwing but do no damage. Something hits you!
* * * LOW HITPOINT WARNING * * *
You block the hellwing's attack.
The hellwing hits you but does no damage.
Something hits you but does no damage. You block the hellwing's attack.
The hellwing closely misses you.
You hit something.
You feel better.
You hit the hellwing but do no damage. You barely miss the human.
You block the human's attack. Something hits you.
* * * LOW HITPOINT WARNING * * *
The hellwing hits you.
* * * LOW HITPOINT WARNING * * *
You block the hellwing's attack.
You slice something!! You barely miss the hellwing.
You hit the human but do no damage. You block something's attack.
You block the human's attack. Something hits you.
* * * LOW HITPOINT WARNING * * *
The hellwing misses you. You block the hellwing's attack.
The human hits your orange demon.
You miss something. You barely miss the human.
You hit the hellwing but do no damage. Something hits you!
* * * LOW HITPOINT WARNING * * *
You are poisoned.
You block the hellwing's attack. The hellwing closely misses you.
Your orange demon stings the human!
Your orange demon hits the human but does no damage.
You hear some strange, mumbled words.
A shard of ice appears from out of thin air!
The shard of ice hits you! You partially resist.
You die...

#...........# #..........
#...........# #...........
#...........# #............
#...........# #............
##...........####............
..................!......p...
#####.................p..(...
#........4p..............
#.......4@{p.............
#........44..............
#........................
#........................
#...................$....
.......................
......................!
....[..................
...............


You could see a hellwing (summoned), 2 humans and 3 friendly orange demons.

Vanquished Creatures
  Gastronok (D:9)
  4 boulder beetles
  A hydra (D:12)
  4 two-headed ogres
  A centaur warrior (D:13)
  A tengu warrior (D:12)
  The ghost of lawnmower the Conjurer, a novice PaCj (D:7)
  2 ugly things
  2 cyclopes
  A manticore (D:11)
  2 centaur zombies (D:11)
  2 komodo dragons
  2 unseen horrors (D:11)
  4 slime creatures (D:12)
  A hornet (D:9)
  A shadow (D:12)
  2 wyverns
  5 wraiths
  6 humans
  2 vampire mosquitoes (D:12)
  2 steam dragons
  Grum (D:11)
  2 wargs (D:9)
  3 acid dragons
  A water moccasin (D:7)
  5 orc warriors
  2 necrophages
  A sky beast (D:7)
  3 centaurs
  An ogre (D:4)
  2 wolves (D:11)
  2 phantoms
  2 elf zombies (D:4)
  A kobold brigand (D:7)
  2 bullfrogs (D:6)
  3 scorpions
  A wyvern zombie (D:8)
  4 gnoll sergeants
  An elf skeleton (D:4)
  4 water moccasin zombies
  A water moccasin skeleton (D:4)
  4 killer bees
  2 howler monkeys (D:9)
  5 wights (D:9)
  A bullfrog zombie (D:5)
  A human zombie (D:4)
  3 jellies
  7 orc priests
  2 centaur skeletons
  A gnoll shaman (D:9)
  A hound (D:5)
  Jessica (D:3)
  4 iguanas
  A human skeleton (D:4)
  9 orc wizards
  2 hound skeletons
  2 mummies (Ossuary)
  A howler monkey zombie (D:9)
  13 gnolls
  8 adders
  3 white imps
  3 adder zombies (Ossuary)
  A worm (D:4)
  A dart slug (D:1)
  21 orcs
  5 bats
  8 endoplasms
  3 giant cockroaches (D:2)
  6 gnoll zombies (Ossuary)
  A goblin (D:4)
  4 hobgoblins
  11 jackals
  A quokka (D:4)
  8 ball pythons
  6 frilled lizards
  5 hobgoblin zombies (Ossuary)
  8 kobolds
  2 kobold zombies (Ossuary)
  An orc skeleton (D:4)
  7 orc zombies (Ossuary)
  4 rats
266 creatures vanquished.

Vanquished Creatures (collateral kills)
  A centaur warrior (D:13)
  4 vampire mosquitoes (D:12)
5 creatures vanquished.

Vanquished Creatures (others)
  A howler monkey (D:10)
  5 withered plants (D:3)
6 creatures vanquished.

Grand Total: 277 creatures vanquished

Notes
Turn   | Place    | Note
-------+----------+-------------------------------------------
     0 | D:1      | Revguard the Demonspawn Gladiator began the quest for the
                  | Orb.
     0 | D:1      | Reached XP level 1. HP: 16/16 MP: 1/1
   198 | D:1      | Gained mutation: You are partially covered in large bone
                  | plates. (SH +4) [demonic ancestry]
   198 | D:1      | Reached XP level 2. HP: 13/22 MP: 2/2
   789 | D:1      | Found a faded altar of an unknown god.
  1039 | D:1      | Became a worshipper of Vehumet
  1039 | D:1      | Reached * piety under Vehumet
  1039 | D:1      | Offered knowledge of Freeze by Vehumet.
  1040 | D:1      | Fell from the grace of Vehumet
  1074 | D:2      | Reached skill level 1 in Armour
  1074 | D:2      | Reached XP level 3. HP: 24/28 MP: 3/3
  2357 | D:2      | Reached XP level 4. HP: 34/34 MP: 4/4
  2433 | D:3      | Reached skill level 1 in Shields
  2567 | D:3      | Reached XP level 5. HP: 6/41 MP: 5/5
  3049 | D:3      | Found an ornate altar of the Wu Jian Council.
  3079 | D:3      | Found a snail-covered altar of Cheibriados.
  3083 | D:3      | Found a hazy altar of Hepliaklqana.
  3354 | D:3      | Noticed Jessica
  3361 | D:3      | Killed Jessica
  3384 | D:3      | Found an ancient bone altar of Kikubaaqudgha.
  4012 | D:4      | Gained mutation: Spells you cast may paralyse adjacent
                  | enemies. [demonic ancestry]
  4012 | D:4      | Reached XP level 6. HP: 45/47 MP: 6/6
  4034 | D:4      | Found a sand-covered staircase.
  4052 | Ossuary  | Entered an ossuary
  4296 | Ossuary  | Gained mutation: A meltable shield of frost defends you.
                  | (SH +4) [demonic ancestry]
  4296 | Ossuary  | Reached XP level 7. HP: 40/53 MP: 7/7
  5044 | D:4      | Was forgiven by Vehumet
  5494 | D:4      | Gained mutation: A meltable icy envelope protects you from
                  | harm. (AC +4) [demonic ancestry]
  5494 | D:4      | Reached XP level 8. HP: 60/61 MP: 8/8
  5861 | D:4      | Gained mutation: Your muscles are strong. (Str +2) [potion
                  | of mutation]
  5861 | D:4      | Gained mutation: You are agile. (Dex +2) [potion of
                  | mutation]
  5883 | D:5      | Entered Level 5 of the Dungeon
  6293 | D:5      | Reached skill level 5 in Dodging
  6295 | D:5      | Reached skill level 5 in Fighting
  6295 | D:5      | Reached skill level 5 in Axes
  6764 | D:5      | Found a sacrificial altar of Ru.
  7156 | D:6      | Reached skill level 1 in Evocations
  7711 | D:7      | Identified the +6 war axe of Calamity {vamp, Dex+7}
  7733 | D:7      | Found a staircase to the Ecumenical Temple.
  7752 | Temple   | Entered the Ecumenical Temple
  7831 | Temple   | Became a worshipper of Makhleb the Destroyer
  7909 | D:7      | Noticed lawnmower's ghost (novice PaCj)
  7909 | D:7      | Noticed a cyclops
  7909 | D:7      | Noticed a two-headed ogre
  7917 | D:7      | Noticed a cyan ugly thing
  7921 | D:7      | Reached skill level 1 in Invocations
  7921 | D:7      | Reached XP level 9. HP: 37/68 MP: 9/9
  7926 | D:7      | Found a transporter.
  8030 | D:7      | Found a transporter.
  8243 | D:7      | Reached skill level 5 in Armour
  8252 | D:7      | Reached * piety under Makhleb
  8253 | D:7      | Reached skill level 5 in Shields
  8359 | D:7      | Found an iron altar of Okawaru.
  8489 | D:8      | Found a shadowy altar of Dithmenos.
  8491 | D:8      | Found a radiant altar of Vehumet.
  8778 | D:8      | Identified a scroll of acquirement
  8781 | D:8      | Acquired the ring of Rihedgh {rPois rC+ Will++ Str-3 Dex+6}
  8820 | D:9      | Gained mutation: You have sharp fingernails. [demonic
                  | ancestry]
  8820 | D:9      | Reached XP level 10. HP: 76/76 MP: 13/13
  8847 | D:9      | Found a staircase to the Lair.
  8994 | D:9      | Noticed Gastronok
  9018 | D:9      | Killed Gastronok
  9019 | D:9      | Reached skill level 5 in Invocations
  9207 | D:9      | Noticed a two-headed ogre
  9220 | D:9      | Killed a two-headed ogre
  9285 | D:9      | Reached ** piety under Makhleb
  9603 | D:10     | Entered Level 10 of the Dungeon
  9603 | D:10     | Found a runed translucent gate.
  9603 | D:10     | Found a runed translucent gate.
  9603 | D:10     | Found a runed translucent gate.
  9603 | D:10     | Noticed a two-headed ogre
  9603 | D:10     | Noticed crawlogic's ghost (journeyman HuAr)
  9603 | D:10     | Noticed an ettin
  9613 | D:10     | Gained mutation: You are mostly covered in large bone
                  | plates. (SH +6) [demonic ancestry]
  9613 | D:10     | Reached XP level 11. HP: 84/84 MP: 15/15
  9880 | D:10     | Found a staircase to the Orcish Mines.
 10001 | D:10     | Noticed a two-headed ogre
 10018 | D:10     | Killed a two-headed ogre
 10077 | D:10     | Reached skill level 5 in Evocations
 10460 | D:7      | Killed a two-headed ogre
 10468 | D:7      | Killed a cyan ugly thing
 10477 | D:7      | Killed lawnmower's ghost
 10944 | D:11     | Noticed a boulder beetle
 10989 | D:11     | Killed a boulder beetle
 11086 | D:11     | Noticed Grum
 11100 | D:11     | Killed Grum
 11179 | D:11     | Reached *** piety under Makhleb
 11693 | D:12     | Noticed a tengu warrior
 11715 | D:12     | Killed a tengu warrior
 11716 | D:12     | Gained mutation: Spells you cast may paralyse nearby
                  | enemies. [demonic ancestry]
 11716 | D:12     | Reached XP level 12. HP: 92/92 MP: 17/17
 11737 | D:12     | Noticed a two-headed ogre
 11747 | D:12     | Killed a two-headed ogre
 11808 | D:12     | Noticed a boulder beetle
 11866 | D:12     | Noticed a seven-headed hydra
 11872 | D:12     | Killed a boulder beetle
 11875 | D:12     | Killed a five-headed hydra
 11979 | D:12     | Noticed a boulder beetle
 11988 | D:12     | Noticed a boulder beetle
 12015 | D:12     | Killed a boulder beetle
 12051 | D:12     | Killed a boulder beetle
 12490 | D:13     | Found a gate to the Vaults.
 12490 | D:13     | Noticed a centaur warrior
 12490 | D:13     | Noticed Rupert
 12490 | D:13     | Noticed a brown very ugly thing
 12490 | D:13     | Noticed Urug
 12540 | D:13     | Noticed a centaur warrior
 12542 | D:13     | Noticed a centaur warrior
 12550 | D:13     | Killed a centaur warrior
 12555 | D:13     | Killed a centaur warrior
 12583 | D:13     | Noticed Frances
 12607 | D:13     | Killed from afar by Frances

Illustrated notes

Levels and vault maps discovered:
D:1:      onia_arrival_handbag, layout_basic, chequers_ecumenical_altar_island,
          corexii_corridor_pit
D:2:      layout_basic
D:3:      layout_loops_ring, nicolae_overflow_hidden_temple,
          kiku_gazebo_garden_becter, uniq_jessica
D:4:      layout_loops_cross, nicolae_ossuary_entry_catacombs,
          guppyfry_early_orc_mine
D:5:      layout_basic, nicolae_ru_path_of_blood
D:6:      layout_basic, minmay_holes
D:7:      layout_basic, tso_altar, lemuel_tele_altar,
          minmay_temple_entry_purple_smoke, gammafunk_ghost_arena,
          minmay_ruffians
D:8:      minmay_klotski, layout_rooms,
          chequers_temple_overflow_statue_of_worship
D:9:      layout_roguey, zin_academy, erik_lair_orcish_takeover,
          amcnicky_mini_corridor_feature, uniq_gastronok
D:10:     minmay_general_purpose_star, layout_irregular_city, orc_0_dummy,
          gammafunk_ghost_split
D:11:     layout_loops_ring, billiards_dpeg, uniq_grum
D:12:     layout_loops_ring
D:13:     layout_small_grid, david_vaults_3, uniq_frances
Temple:   jpeg_temple_clearing

Skill      XL: |  1  2  3  4  5  6  7  8  9 10 11 12 |
---------------+-------------------------------------+-----
Axes           | 3 4 5 6 7 8 |  8.2
Dodging        | 3 4 5 6 7 8 |  8.3
Armour         | 1 2 3 4 5 6 7 |  7.8
Shields        | 1 2 3 4 5 6 7 |  7.8
Fighting       | 3 4 5 6 7 8 |  8.7
Evocations     | 1 3 4 6 |  6.8
Invocations    | 1 4 6 7 8 |  8.8
Throwing       | |  1.7

Action                   |  1- 3 |  4- 6 |  7- 9 | 10-12 || total
-------------------------+-------+-------+-------+-------++-------
Melee: War axe           |   112 |   108 |   301 |   505 ||  1026
Throw: Throwing net      |       |       |       |     3 ||     3
Invok: Renounce Religion |     1 |       |       |       ||     1
       Minor Destruction |       |       |       |     2 ||     2
       Lesser Servant of |       |       |       |     7 ||     7
Evoke: Wand              |       |       |     1 |    11 ||    12
  Use: Scroll            |       |    10 |     9 |     1 ||    20
       Potion            |       |     4 |     8 |     5 ||    17
 Stab: Sleeping          |     2 |       |       |       ||     2
       Distracted        |       |       |       |     1 ||     1
       Held in net/web   |       |       |       |     1 ||     1
Armor: Leather armour    |    48 |       |       |       ||    48
       Ring mail         |     5 |    42 |    11 |       ||    58
       Chain mail        |       |       |    56 |       ||    56
       Plate armour      |       |       |    60 |   289 ||   349
Dodge: Dodged            |    82 |    38 |    98 |   130 ||   348
Block: Buckler           |    47 |    55 |   287 |   519 ||   908
       Other             |     3 |       |       |       ||     3
       Kite shield       |       |       |       |    56 ||    56
